 Dungeon Sprint DCSS version 0.27.1-34-g3ba077fa99 (webtiles) character file.

Game seed: 5385136702061069617

1573 Karpo the Imperceptible (level 8, -2/36 HPs)
             Began as a Spriggan Enchanter on Feb 4, 2022.
             Slain by a demonic crawler (11 damage)
             ... in the Dungeon (Sprint I: "Red Sonja").
             The game lasted 00:02:16 (244 turns).

Karpo the Imperceptible (Spriggan Enchanter)         Turns: 244, Time: 00:02:17

Health: -2/36      AC:  2    Str:  4    XL:     8   Next: 59%
Magic:  10/13      EV: 17    Int: 19    God:
Gold:   288        SH:  0    Dex: 15    Spells: 0/12 levels left

rFire    . . .     SeeInvis +   i - +2 dagger (venom)
rCold    . . .     Faith    .   (shield restricted)
rNeg     . . .     Spirit   .   b - +0 robe
rPois    .         Reflect  .   (helmet restricted)
rElec    .         Harm     .   (no cloak)
rCorr    .         Rampage  .   (gloves unavailable)
Will     +....     NoTele   +   (boots unavailable)
Stlth    +++++++++.             (no amulet)
HPRegen  0.12/turn              (no ring)
MPRegen  0.13/turn              (no ring)

@: very quick
A: very small, no large weapons, unfitting armour, see invisible, speed 3
a: no special abilities


You were in the Dungeon.
You visited 1 branch You collected 288 gold pieces.

Inventory:

Hand Weapons
 a - a +1 dagger
 i - a +2 dagger of venom (weapon)
Armour
 b - a +0 robe (worn)
Wands
 g - a wand of flame (11)
Scrolls
 h - a scroll of blinking
Potions
 c - a potion of curing
 d - a potion of heal wounds
 e - a potion of haste
 f - 2 potions of magic


   Skills:
 - Level 1.1 Short Blades
 - Level 2.6 Dodging
 + Level 25.5 Stealth
 - Level 2.6 Spellcasting
 - Level 3.6 Hexes


You couldn't memorise any spells.
You knew the following spells:

 Your Spells              Type           Power      Damage    Failure   Level
a - Corona                Hex            17%        N/A       3%          1
b - Ensorcelled Hibernat  Hex/Ice        18%        N/A       12%         2
c - Confusing Touch       Hex            16%        N/A       11%         3
d - Tukima's Dance        Hex            16%        N/A       11%         3
e - Dazzling Flash        Conj/Hex       18%        N/A       22%         3

Your spell library contained the following spells:

 Spells                   Type           Power      Damage    Failure   Level


Dungeon Overview and Level Annotations

Branches:
Dungeon (1/1)

Altars:
Makhleb
Sif Muna
Vehumet
Wu Jian
Xom
Jiyva
Lugonu


Innate Abilities, Weirdness & Mutations

You are very small and have problems with some larger weapons.
You are too small for most types of armour.
You have supernaturally acute eyesight. (SInv)
You cover ground extremely quickly. (Speed+++)


Message History

Your Stealth skill increases to level 24!
The helpless demonic crawler fails to defend itself.
You skewer the demonic crawler like a kebab!!!!
You kill the demonic crawler!
The demonic crawler gives a hideous shriek! x2
Your Stealth skill increases to level 25!
Press: ? - help, v - describe, . - travel The floor.
There is an open door here.
You close the door.
There is an open door here.
This spell is quite dangerous to cast!
Memorise Tukima's Dance, consuming 3 spell levels and leaving 3?
You start memorising the spell.
You continue memorising. x3
You finish memorising.
Spell assigned to 'd'.
This spell is quite dangerous to cast!
Memorise Dazzling Flash, consuming 3 spell levels and leaving 0?
You start memorising the spell.
You continue memorising. x3
You finish memorising.
Spell assigned to 'e'.
You open the door.
Casting: Ensorcelled Hibernation (safe; 12% risk of failure)
Confirm with . or Enter, or press ? or * to list all spells.
The spell is quite dangerous to cast (22% risk of failure)!
Continue anyway?
The demonic crawler is dazzled.
You hit the demonic crawler but do no damage.
The demonic crawler hits you! The demonic crawler barely misses you.
The demonic crawler misses you.
You hit the demonic crawler but do no damage.
The demonic crawler closely misses you. The demonic crawler hits you.
The demonic crawler misses you.
There is an open door here.
You hit the demonic crawler.
The demonic crawler is lightly wounded.
The demonic crawler barely misses you. The demonic crawler closely misses you.
The demonic crawler hits you. x2
* * * LOW HITPOINT WARNING * * *
The demonic crawler hits you.
* * * LOW HITPOINT WARNING * * *
The demonic crawler hits you!
You die...

########################
.#.)').#.)'..#__#..'..)#
.'..#..'..#..'^.@s.#...##+#
.#####'#####'#_s####[..'..#
.# #..# #(#### #####†.+ .#
#### ##.# +## .# #+#_.+ ⌠#
+..._# ## #_.#+# ##+


You could see 2 demonic crawlers.

Vanquished Creatures
  2 kobold demonologists (D)
  2 demonic crawlers (D)
  A slime creature (D)
  Sigmund (D)
  A floating eye (D)
  An ogre (D)
  A jelly (D)
  Ijyb (D)
10 creatures vanquished.

Notes
Turn   | Place    | Note
-------+----------+-------------------------------------------
     0 | D        | Karpo the Spriggan Enchanter began the quest for the Orb.
     0 | D        | Reached XP level 1. HP: 9/9 MP: 5/5
     2 | D        | Noticed Ijyb
     7 | D        | Killed Ijyb
     8 | D        | Reached skill level 9 in Stealth
     8 | D        | Reached XP level 2. HP: 13/13 MP: 6/6
   102 | D        | Learned a level 2 spell: Ensorcelled Hibernation
   103 | D        | Noticed an ogre
   106 | D        | Killed an ogre
   107 | D        | Reached skill level 14 in Stealth
   107 | D        | Reached XP level 3. HP: 16/16 MP: 5/8
   107 | D        | Reached XP level 4. HP: 21/21 MP: 5/9
   146 | D        | Learned a level 3 spell: Confusing Touch
   155 | D        | Noticed Sigmund
   158 | D        | Killed Sigmund
   159 | D        | Reached skill level 17 in Stealth
   159 | D        | Reached XP level 5. HP: 24/24 MP: 10/10
   171 | D        | Found an ornate altar of the Wu Jian Council.
   171 | D        | Found a shimmering blue altar of Sif Muna.
   173 | D        | Found a radiant altar of Vehumet.
   178 | D        | Reached skill level 18 in Stealth
   178 | D        | Reached XP level 6. HP: 28/28 MP: 11/11
   183 | D        | Found a viscous altar of Jiyva.
   183 | D        | Found a corrupted altar of Lugonu.
   183 | D        | Noticed a slime creature
   184 | D        | Found a burning altar of Makhleb.
   184 | D        | Found a shimmering altar of Xom.
   186 | D        | Killed a slime creature
   187 | D        | Reached skill level 20 in Stealth
   199 | D        | Noticed a kobold demonologist
   199 | D        | Noticed a floating eye
   200 | D        | Noticed a kobold demonologist
   202 | D        | Killed a floating eye
   203 | D        | Reached skill level 21 in Stealth
   203 | D        | Reached XP level 7. HP: 32/32 MP: 12/12
   204 | D        | Killed a kobold demonologist
   205 | D        | Reached skill level 22 in Stealth
   205 | D        | Killed a kobold demonologist
   206 | D        | Reached skill level 23 in Stealth
   206 | D        | Reached XP level 8. HP: 36/36 MP: 13/13
   216 | D        | Noticed a demonic crawler
   216 | D        | Noticed a demonic crawler
   216 | D        | Noticed a demonic crawler
   216 | D        | Noticed a demonic crawler
   218 | D        | Killed a demonic crawler
   219 | D        | Reached skill level 24 in Stealth
   219 | D        | Killed a demonic crawler
   220 | D        | Reached skill level 25 in Stealth
   233 | D        | Learned a level 3 spell: Tukima's Dance
   237 | D        | Learned a level 3 spell: Dazzling Flash
   244 | D        | Slain by a demonic crawler

Illustrated notes

Levels and vault maps discovered:
D:        dungeon_sprint_1 [red_sonja_temple_1, red_sonja_temple_small_1]

Skill      XL: |  1  2  3  4  5  6  7  8 |
---------------+-------------------------+-----
Stealth        | 9 14 17 18 21 23 25 | 25.5
Short Blades   | |  1.1
Dodging        | |  2.6
Spellcasting   | |  2.6
Hexes          | |  3.6

Action                   |  1- 3 |  4- 6 |  7- 9 || total
-------------------------+-------+-------+-------++-------
Melee: Dagger            |     4 |     4 |     7 ||    15
 Cast: Ensorcelled Hiber |     1 |       |       ||     1
       Dazzling Flash    |       |       |     1 ||     1
  Use: Potion            |     1 |       |       ||     1
 Stab: Sleeping          |     2 |     4 |     4 ||    10
Dodge: Dodged            |     1 |       |     6 ||     7
